 Dungeon Crawl Stone Soup version 0.20-a0-204-ge9bc5e3 (webtiles) character file.

39 yukitheduck the Grave Robber (level 3, 0/21 HPs)
             Began as a Halfling Necromancer on Nov 24, 2016.
             Slain by a goblin
             ... wielding a +0 dagger of venom
              (2 damage)
             ... on level 2 of the Dungeon.
             The game lasted 00:10:20 (1412 turns).

yukitheduck the Grave Robber (Halfling Necromancer) Turns: 1412, Time: 00:10:20

Health: 0/21       AC:  6    Str: 10    XL:     3   Next: 67%
Magic:  2/5        EV: 15    Int: 13    God:
Gold:   39         SH:  0    Dex: 14    Spells: 4/5 levels left

rFire  . . .     SeeInvis .     j - +3 spear
rCold  . . .     Gourm    .     a - +0 robe
rNeg   . . .     Faith    .     (shield restricted)
rPois  .         Spirit   .     (no helmet)
rElec  .         Reflect  .     i - +0 cloak
rCorr  .         Harm     .     e - +2 pair of gloves
MR     .....                    (no boots)
Stlth  ++........               (no amulet)
                                (no ring)
                                (no ring)

@: lethally poisoned (0 -> -18)
A: mutation resistance 1
a: no special abilities


You were on level 2 of the Dungeon.
You were not hungry.

You visited 1 branch of the dungeon, and saw 2 of its levels.

You collected 39 gold pieces.

Inventory:

Hand Weapons
 j - a +3 spear (weapon)
Armour
 a - a +0 robe (worn)
 e - a +2 pair of gloves (worn)
 i - a +0 cloak (worn)
Scrolls
 h - 2 scrolls of identify {unknown}
 l - a scroll of noise {unknown}
 m - a scroll of random uselessness {unknown}
Potions
 d - a potion of might {unknown}
 g - a potion of resistance {unknown}
 k - 2 potions of curing {unknown}
 n - a potion of cure mutation {unknown}
Books
 b - a book of Necromancy

   Spells                             Type                      Level
   a - Pain                           Necromancy                   1
   b - Animate Skeleton               Necromancy                   1
   c - Vampiric Draining              Necromancy                   3
   d - Regeneration                   Charms/Necromancy            3
   e - Animate Dead                   Necromancy                   4
   f - Control Undead                 Necromancy                   4
Comestibles
 c - a bread ration


   Skills:
 - Level 2.1 Dodging
 - Level 2.1 Stealth
 - Level 1.5 Spellcasting
 + Level 4.2 Necromancy


You had 4 spell levels left.
You knew the following spells:

 Your Spells              Type           Power        Failure   Level  Hunger
a - Pain                  Necr           ##..         6%          1    ##.....


Dungeon Overview and Level Annotations

Branches:
Dungeon (2/15)

Altars:


Innate Abilities, Weirdness & Mutations

You are small and have problems with some larger weapons.
You are somewhat resistant to further mutation.


Message History

You are lethally poisoned!
You barely miss the goblin.
You feel sick. The goblin misses you.
You closely miss the goblin.
You feel sick. The goblin hits you but does no damage.
You are more poisoned.
You barely miss the goblin.
You feel sick. The adder bites you but does no damage.
The goblin closely misses you.
You closely miss the goblin.
You feel sick. The adder barely misses you.
The goblin hits you with a dagger of venom.
* * * LOW HITPOINT WARNING * * *
You miss the goblin.
* * * LOW HITPOINT WARNING * * *
You feel sick. The adder closely misses you. The goblin closely misses you.
The adder closely misses you.
You hit the goblin.
The goblin is heavily wounded.
* * * LOW HITPOINT WARNING * * *
You feel sick. The adder closely misses you.
The goblin hits you with a dagger of venom.
You die...

#. ..... # #S## . .....
# #.#...#### .. .....
#?#.#...[..# ... .....
. .....S.S..##.. ..).#
... ... ..... ..S
.....#.####.########.##
.......S@g............#
.....######....####...#
... #.....<...# #...# #
#.###.#[..# #...#
#.......# #...#
#.#.#...# #...#
#.#.....# ....# #
#####.# #...# #.#


You could see an adder and a goblin.

Vanquished Creatures
  2 dart slugs (D:1)
  A leopard gecko (D:1)
  A ball python (D:1)
  3 giant cockroaches (D:1)
  4 goblins
  5 hobgoblins (D:1)
  4 bats (D:1)
  3 frilled lizards
  4 kobolds (D:1)
  5 rats
32 creatures vanquished.

Notes
Turn   | Place    | Note
-------+----------+-------------------------------------------
     0 | D:1      | yukitheduck the Halfling Necromancer began the quest for the Orb.
     0 | D:1      | Reached XP level 1. HP: 11/11 MP: 3/3
   207 | D:1      | Reached XP level 2. HP: 9/17 MP: 2/4
   730 | D:1      | Reached skill level 4 in Necromancy
   730 | D:1      | Reached XP level 3. HP: 10/21 MP: 0/5
  1412 | D:2      | Slain by a goblin

Vault maps used:
D:1:      dpeg_arrival_water_fire, minmay_bisected
D:2:      st_stairs_7, uniq_iyjb

Skill      XL: |  1  2 |
---------------+-------+-----
Necromancy     | 4 |  4.2
Dodging        | |  2.1
Stealth        | |  2.1
Spellcasting   | |  1.5

Action                   || total
-------------------------++-------
Melee: Unarmed           ||    18
       Spear             ||    17
 Cast: Pain              ||    51
  Eat: Chunk             ||     3
Armor: Robe              ||    23
Dodge: Dodged            ||    43
